 Dungeon Crawl Stone Soup version 0.23-a0-183-gf37f6fb109 (webtiles) character file.

529 Ablot the Charmwright (level 7, -3/56 HPs)
             Began as a Gnoll Skald on Sept 21, 2018.
             Slain by a sky beast (6 damage)
             ... on level 5 of the Dungeon.
             The game lasted 00:06:53 (4254 turns).

Ablot the Charmwright (Gnoll Skald)                 Turns: 4254, Time: 00:06:54

Health: -3/56      AC:  5    Str: 15    XL:     7   Next: 24%
Magic:  10/15      EV: 14    Int: 15    God:
Gold:   196        SH:  0    Dex: 15    Spells: 6/17 levels left

rFire    + . .     SeeInvis .   a - +0 spear
rCold    . . .     Gourm    .   (no shield)
rNeg     . . .     Faith    .   b - +0 leather armour
rPois    .         Spirit   .   g - +1 helmet
rElec    .         Reflect  .   l - scarf {cloud immunity}
rCorr    .         Harm     .   (no gloves)
MR       .....                  (no boots)
Stlth    ++........             (no amulet)
HPRegen  0.18/turn              j - ring of protection from fire
MPRegen  0.14/turn              (no ring)

@: infused
A: distributed training, fangs 1, strong nose
a: no special abilities


You were on level 5 of the Dungeon.
You were near starving.

You visited 2 branches of the dungeon, and saw 6 of its levels.

You collected 196 gold pieces.

Inventory:

Hand Weapons
 a - a +0 spear (weapon)
 t - a +0 blowgun
Missiles
 f - 198 stones (quivered)
 i - 62 arrows
 k - 15 bolts
 q - 7 poisoned needles
Armour
 b - a +0 leather armour (worn)
 g - a +1 helmet (worn)
 l - a scarf of cloud immunity (worn)
Jewellery
 j - a ring of protection from fire (left hand)
Scrolls
 h - 2 scrolls of magic mapping {unknown}
 m - a scroll of identify
 o - 2 scrolls of remove curse
 r - 2 scrolls of enchant armour {unknown}
 s - a scroll of teleportation {unknown}
Potions
 c - 2 potions of cancellation {unknown}
 e - 2 potions of degeneration {unknown}
 n - 2 potions of heal wounds {unknown}
 p - 2 potions of mutation {unknown}
 u - 2 potions of resistance {unknown}
 v - a potion of flight {unknown}
Comestibles
 d - 9 rations


   Skills:
 + Level 5.1 Fighting
 + Level 2.3 Short Blades
 + Level 2.3 Long Blades
 + Level 2.3 Axes
 + Level 2.3 Maces & Flails
 + Level 5.1 Polearms
 + Level 2.3 Staves
 + Level 2.3 Slings
 + Level 2.3 Bows
 + Level 2.3 Crossbows
 + Level 2.3 Throwing
 + Level 3.5 Armour
 + Level 5.1 Dodging
 + Level 2.3 Stealth
 + Level 2.3 Shields
 + Level 2.3 Unarmed Combat
 + Level 5.5 Spellcasting
 + Level 1.9 Conjurations
 + Level 1.9 Hexes
 + Level 5.8 Charms
 + Level 1.9 Summonings
 + Level 1.9 Necromancy
 + Level 1.9 Translocations
 + Level 1.9 Transmutations
 + Level 1.9 Fire Magic
 + Level 1.9 Ice Magic
 + Level 1.9 Air Magic
 + Level 1.9 Earth Magic
 + Level 1.9 Poison Magic
 + Level 2.5 Invocations
 + Level 2.3 Evocations


You had 6 spell levels left.
You knew the following spells:

 Your Spells              Type           Power        Failure   Level  Hunger
a - Infusion              Chrm           ###.         1%          1    None
b - Song of Slaying       Chrm           ###.....     2%          2    #......
c - Shroud of Golubria    Chrm/Tloc      ###.......   6%          2    #......
d - Regeneration          Chrm/Necr      ###.......   12%         3    ###....
e - Spectral Weapon       Hex/Chrm       ###.....     12%         3    ###....

Your spell library contained the following spells:

 Spells                   Type           Power        Failure   Level  Hunger


Dungeon Overview and Level Annotations

Branches:
Dungeon (5/15)             Temple (1/1) D:4

Altars:
Ashenzari
Cheibriados
Dithmenos
Elyvilon
Fedhas
Gozag
Hepliaklqana
Kikubaaqudgha
Makhleb
Nemelex Xobeh
Qazlal
Ru
Sif Muna
Trog
Uskayaw
Wu Jian
Xom
Yredelemnul
Zin
The Shining One


Innate Abilities, Weirdness & Mutations

Your experience applies equally to all skills.
You have very sharp teeth.
Your uncanny sense of smell can sniff out nearby items.


Message History

You miss something.
A sky beast appears from thin air!
Reactivating autopickup.
The sky beast misses you.
You hit the sky beast. Your bite misses the sky beast.
The sky beast is heavily wounded.
The sky beast hits you but does no damage.
You closely miss the sky beast.
The sky beast is heavily wounded.
You hit the sky beast.
The sky beast is severely wounded.
The sky beast hits you.
* * * LOW HITPOINT WARNING * * *
The sky beast shocks you.
* * * LOW HITPOINT WARNING * * *
You closely miss the sky beast.
The sky beast is severely wounded.
The sky beast hits you.
* * * LOW HITPOINT WARNING * * *
The sky beast shocks you.
You die...

# #.
##.#####
#......#
.#......#
........#
........#
#.....@#
.......Y#
#.......#
##......#
#......#
%.......#
........#
........#


You could see a sky beast.

Vanquished Creatures
  2 phantoms (D:4)
  A howler monkey (D:4)
  An orc priest (D:4)
  2 orc wizards (D:4)
  2 worker ants
  A hound skeleton (D:4)
  4 gnolls (D:3)
  A howler monkey skeleton (D:4)
  3 adders
  2 adder skeletons (D:4)
  2 worms
  6 dart slugs
  2 leopard geckos
  5 orcs
  2 ball pythons
  6 giant cockroaches
  2 goblins (D:1)
  6 hobgoblins
  7 jackals
  7 bats
  4 frilled lizards
  6 kobolds
  A quokka skeleton (D:4)
  5 rats
80 creatures vanquished.

Vanquished Creatures (others)
  A spectral weapon (D:3)
1 creature vanquished.

Grand Total: 81 creatures vanquished

Notes
Turn   | Place    | Note
-------+----------+-------------------------------------------
     0 | D:1      | Ablot the Gnoll Skald began the quest for the Orb.
     0 | D:1      | Reached XP level 1. HP: 20/20 MP: 6/6
    71 | D:1      | Reached XP level 2. HP: 26/26 MP: 7/7
   389 | D:1      | Reached XP level 3. HP: 31/31 MP: 9/9
   393 | D:1      | Learned a level 2 spell: Song of Slaying
   396 | D:1      | Learned a level 2 spell: Shroud of Golubria
   400 | D:1      | Learned a level 3 spell: Regeneration
   404 | D:1      | Learned a level 3 spell: Spectral Weapon
   418 | D:1      | Reached skill level 5 in Spellcasting
   762 | D:2      | Reached skill level 1 in Invocations
  1249 | D:2      | Reached skill level 1 in Short Blades
  1249 | D:2      | Reached skill level 1 in Long Blades
  1249 | D:2      | Reached skill level 1 in Axes
  1249 | D:2      | Reached skill level 1 in Maces & Flails
  1249 | D:2      | Reached skill level 1 in Staves
  1249 | D:2      | Reached skill level 1 in Slings
  1249 | D:2      | Reached skill level 1 in Bows
  1249 | D:2      | Reached skill level 1 in Crossbows
  1249 | D:2      | Reached skill level 1 in Throwing
  1249 | D:2      | Reached skill level 1 in Stealth
  1249 | D:2      | Reached skill level 1 in Shields
  1249 | D:2      | Reached skill level 1 in Unarmed Combat
  1249 | D:2      | Reached skill level 1 in Evocations
  1249 | D:2      | Reached XP level 4. HP: 29/38 MP: 4/11
  1934 | D:3      | Reached skill level 1 in Conjurations
  1934 | D:3      | Reached skill level 1 in Hexes
  1934 | D:3      | Reached skill level 1 in Summonings
  1934 | D:3      | Reached skill level 1 in Necromancy
  1934 | D:3      | Reached skill level 1 in Translocations
  1934 | D:3      | Reached skill level 1 in Transmutations
  1934 | D:3      | Reached skill level 1 in Fire Magic
  1934 | D:3      | Reached skill level 1 in Ice Magic
  1934 | D:3      | Reached skill level 1 in Air Magic
  1934 | D:3      | Reached skill level 1 in Earth Magic
  1934 | D:3      | Reached skill level 1 in Poison Magic
  2082 | D:3      | Reached XP level 5. HP: 27/43 MP: 0/12
  3169 | D:4      | Noticed a phantom
  3357 | D:4      | Reached XP level 6. HP: 42/50 MP: 3/13
  3371 | D:4      | Killed a phantom
  3371 | D:4      | Reached skill level 5 in Fighting
  3371 | D:4      | Reached skill level 5 in Polearms
  3371 | D:4      | Reached skill level 5 in Dodging
  3445 | D:4      | Found a hide-covered altar of Uskayaw.
  3448 | D:4      | Noticed a phantom
  3471 | D:4      | Killed a phantom
  3471 | D:4      | Reached XP level 7. HP: 48/56 MP: 8/15
  3609 | D:4      | Found a hazy altar of Hepliaklqana.
  3685 | D:4      | Found a staircase to the Ecumenical Temple.
  3694 | Temple   | Entered the Ecumenical Temple
  4229 | D:5      | Entered Level 5 of the Dungeon
  4254 | D:5      | Slain by a sky beast

Vault maps used:
D:1:      eino_arrival_water_cross, serial_forest,
          infiniplex_forest_clump_cross, infiniplex_forest_straight_1,
          infiniplex_forest_join, infiniplex_forest_corner_2,
          infiniplex_forest_straight_1
D:4:      old_standard_altar, eat_drink_and_be_merry_uskayaw,
          minmay_temple_entry_butterflies
D:5:      first_ration, uniq_prince_ribbit1, uniq_edmund
Temple:   dpeg_five_rooms_temple

Skill      XL: |  1  2  3  4  5  6 |
---------------+-------------------+-----
Spellcasting   | 5 |  5.5
Invocations    | 1 2 |  2.5
Short Blades   | 1 2 |  2.3
Long Blades    | 1 2 |  2.3
Axes           | 1 2 |  2.3
Maces & Flails | 1 2 |  2.3
Staves         | 1 2 |  2.3
Slings         | 1 2 |  2.3
Bows           | 1 2 |  2.3
Crossbows      | 1 2 |  2.3
Throwing       | 1 2 |  2.3
Stealth        | 1 2 |  2.3
Shields        | 1 2 |  2.3
Unarmed Combat | 1 2 |  2.3
Evocations     | 1 2 |  2.3
Conjurations   | 1 |  1.9
Hexes          | 1 |  1.9
Summonings     | 1 |  1.9
Necromancy     | 1 |  1.9
Translocations | 1 |  1.9
Transmutations | 1 |  1.9
Fire Magic     | 1 |  1.9
Ice Magic      | 1 |  1.9
Air Magic      | 1 |  1.9
Earth Magic    | 1 |  1.9
Poison Magic   | 1 |  1.9
Armour         | 3 |  3.5
Fighting       | 5 |  5.1
Polearms       | 5 |  5.1
Dodging        | 5 |  5.1
Charms         | |  5.8

Action                   |  1- 3 |  4- 6 |  7- 9 || total
-------------------------+-------+-------+-------++-------
Melee: Spear             |   153 |   155 |    61 ||   369
       Bite              |    18 |    13 |     6 ||    37
       Punch             |     1 |     1 |     1 ||     3
 Cast: Shroud of Golubri |     5 |     7 |     4 ||    16
       Infusion          |     2 |     3 |     2 ||     7
       Regeneration      |     1 |     9 |       ||    10
       Spectral Weapon   |       |     5 |     3 ||     8
       Song of Slaying   |       |     3 |     1 ||     4
  Use: Scroll            |       |     2 |       ||     2
 Stab: Distracted        |     1 |       |       ||     1
       Sleeping          |     5 |     1 |       ||     6
  Eat: Chunk             |     1 |     6 |     1 ||     8
       Ration            |       |     1 |       ||     1
Armor: Leather armour    |    24 |    25 |    11 ||    60
Dodge: Dodged            |    56 |    95 |    18 ||   169

Table legend:
 A = Non-vault XP
 B = Vault XP
 C = Vault XP percentage of total XP
 D = Non-vault monster count
 E = Vault monster count
 F = Vault count percentage of total count
                 A         B        C        D         E       F
            +---------+---------+-------+---------+---------+-------
      Total |     757 |       0 |   0.0 |      80 |       0 |   0.0
            +---------+---------+-------+---------+---------+-------
        D:1 |      55 |       0 |   0.0 |      26 |       0 |   0.0
        D:2 |      29 |       0 |   0.0 |       9 |       0 |   0.0
        D:3 |     120 |       0 |   0.0 |      20 |       0 |   0.0
        D:4 |     553 |       0 |   0.0 |      25 |       0 |   0.0
            +---------+---------+-------+---------+---------+-------
